 Dungeon Crawl Stone Soup version 0.18.1-1-g2f07953 (webtiles) character file.

3108 MTVSty1e the Fighter (level 9, -20/82 HPs)
             Began as a Minotaur Fighter on May 6, 2016.
             Was a Follower of Okawaru.
             Killed from afar by an ice statue (27 damage)
             ... with a freezing blast
             ... on level 8 of the Dungeon.
             The game lasted 00:19:49 (5593 turns).

MTVSty1e the Fighter (Minotaur Fighter)             Turns: 5593, Time: 00:19:50

Health: -20/82     AC: 10    Str: 24    XL:     9   Next: 60%
Magic:  8/8        EV: 11    Int:  5    God:    Okawaru [*.....]
Gold:   220        SH: 12    Dex: 10    Spells: 0 memorised, 8 levels left

rFire  . . .     SeeInvis .     H - +2 spear (chaos)
rCold  . . .     Gourm    .     b - +0 scale mail
rNeg   . . .     Faith    .     c - +1 shield
rPois  .         Spirit   .     g - +0 hat
rElec  .         Dismiss  .     w - +0 cloak
rCorr  +         Reflect  .     (no gloves)
SustAt .         Harm     .     t - +0 pair of boots
MR     .....                    o - amulet of regeneration
Stlth  ..........               k - ring of resist corrosion
                                p - ring of flight

@: not resistant to hostile enchantments, extremely unstealthy
A: retaliatory headbutt, horns 2
a: Heroism, Renounce Religion, Evoke Flight


You were on level 8 of the Dungeon.
You worshipped Okawaru.
Okawaru was aware of your devotion.
You were not hungry.

You visited 2 branches of the dungeon, and saw 9 of its levels.

You collected 220 gold pieces.

Inventory:

Hand Weapons
 a - a +0 war axe
 H - a +2 spear of chaos (weapon)
Armour
 b - a +0 scale mail (worn)
 c - a +1 shield (worn)
 g - a +0 hat (worn)
 t - a +0 pair of boots (worn)
 w - a +0 cloak (worn)
Jewellery
 k - a ring of resist corrosion (right hand)
 o - an amulet of regeneration (around neck)
 p - a ring of flight (left hand)
 r - an uncursed amulet of the gourmand
 E - an uncursed amulet of harm
Wands
 h - a wand of lightning (10/15)
 i - a wand of polymorph (19/24)
 u - a wand of flame (16/48)
 z - a wand of enslavement (14/24)
 C - a wand of slowing (22/48)
 G - a wand of lightning (4/15)
Scrolls
 l - 6 scrolls of remove curse
 m - 5 scrolls of identify
 n - a scroll of magic mapping
 s - 5 scrolls of teleportation
 v - 2 scrolls of fear
 y - a scroll of enchant armour
 A - a scroll of amnesia
Potions
 e - a potion of brilliance
 q - a potion of berserk rage {unknown}
 x - 2 potions of flight
 B - a potion of heal wounds
 D - a potion of ambrosia {unknown}
 F - 3 potions of curing
 I - a potion of degeneration {unknown}
Books
 d - a book of Callings

   Spells                             Type                      Level
   a - Summon Small Mammal            Summoning                    1
   b - Call Imp                       Summoning                    2
   c - Call Canine Familiar           Summoning                    3
   d - Summon Guardian Golem          Hexes/Summoning              3
   e - Summon Lightning Spire         Summoning/Air                4
   f - Summon Ice Beast               Ice/Summoning                4
 J - a book of Enchantments

   Spells                             Type                      Level
   a - Cause Fear                     Hexes                        4
   b - Yara's Violent Unravelling     Hexes/Transmutation          5
   c - Silence                        Hexes/Air                    5
   d - Deflect Missiles               Charms/Air                   6
   e - Haste                          Charms                       6
   f - Discord                        Hexes                        8
Comestibles
 f - a bread ration
 j - a slice of pizza
 K - a meat ration


   Skills:
 * Level 8.3 Fighting
 + Level 7.1(7.4) Axes
 * Level 3.1(5.5) Polearms
 + Level 7.4 Armour
 * Level 7.4 Dodging
 + Level 7.1 Shields


You had 8 spell levels left.
You didn't know any spells.

Dungeon Overview and Level Annotations

Branches:
Dungeon (8/15)             Temple (1/1) D:7
   Lair: D:8-11

Altars:
Ashenzari
Cheibriados
Dithmenos
Elyvilon
Fedhas
Gozag
Kikubaaqudgha
Makhleb
Nemelex Xobeh
Okawaru
Pakellas
Ru
Sif Muna
Trog
Vehumet
Xom
Yredelemnul
Zin
The Shining One

Annotations:
D:8 exclusion: ice statue


Innate Abilities, Weirdness & Mutations

You reflexively headbutt those who attack you in melee.
You have a pair of horns on your head.


Message History

You hit the ice statue.
The ice statue is lightly damaged.
You hit the ice statue. You headbutt the ice statue.
The ice statue is moderately damaged.
You hit the ice statue but do no damage.
The ice statue is moderately damaged.
Cornered, the ice beast turns to fight!
You hit the ice statue but do no damage.
The ice statue is moderately damaged.
You puncture the ice statue!
The ice statue is heavily damaged.
The ice statue gestures at you. The shard of ice hits you!
* * * LOW HITPOINT WARNING * * *
You hit the ice statue. You headbutt the ice statue.
The ice statue is heavily damaged.
The ice beast seems to regain its courage.
The ice statue gestures at you. The freezing blast engulfs you!
You die...

.......##..........######
(....<.# ..........#....#
.......# ...............#
.......# ##....#..##....#
######## ####.#..##>...#
####..#....# ##$##..#.###
##...##.....##
#:.8@.##.....##
##.Y...#......#
##...........#
##..........#
##.........# ##...Y....#
##......## #Y....##
#######


You could see an ice statue and 3 ice beasts.

Vanquished Creatures
  Prince Ribbit (D:5)
  Grinder (D:6)
  A two-headed ogre (D:8)
  The ghost of barakagiga the Cudgeler, an amateur TrFi (D:4)
  A hungry ghost (D:7)
  Eustachio (D:5)
  Edmund (D:6)
  A sky beast (D:6)
  3 ogres
  2 centaurs
  A big kobold (D:8)
  Blork the orc (D:6)
  3 giant frogs
  3 scorpions
  A howler monkey (D:6)
  5 crimson imps
  2 jellies
  4 orc priests
  A hound (D:6)
  A centaur skeleton (D:7)
  2 giant frog skeletons (D:5)
  2 orc wizards
  4 worker ants
  2 hound zombies
  9 gnolls
  3 adders
  A shadow imp (D:6)
  2 adder skeletons
  An adder zombie (D:6)
  3 worms
  2 dart slugs (D:4)
  5 giant geckos
  17 orcs
  2 giant cockroaches
  10 goblins
  5 hobgoblins
  10 jackals
  2 quokkas
  3 ball pythons
  5 bats
  A giant newt (D:1)
  11 kobolds
  5 rats
142 creatures vanquished.

Vanquished Creatures (others)
  An ice beast (D:7)
  A scorpion (D:4)
  4 gnolls (D:4)
6 creatures vanquished.

Grand Total: 148 creatures vanquished

Notes
Turn   | Place    | Note
--------------------------------------------------------------
     0 | D:1      | MTVSty1e the Minotaur Fighter began the quest for the Orb.
     0 | D:1      | Reached XP level 1. HP: 19/19 MP: 0/0
   121 | D:1      | Reached XP level 2. HP: 21/27 MP: 1/1
   588 | D:2      | Reached skill level 4 in Fighting
   734 | D:2      | Reached skill level 1 in Dodging
   923 | D:2      | Reached XP level 3. HP: 33/33 MP: 2/2
  1423 | D:3      | Reached XP level 4. HP: 37/40 MP: 3/3
  1702 | D:3      | Reached XP level 5. HP: 40/47 MP: 4/4
  2272 | D:4      | Noticed barakagiga's ghost (amateur TrFi)
  2308 | D:4      | Killed barakagiga's ghost
  2308 | D:4      | Reached XP level 6. HP: 24/55 MP: 5/5
  2382 | D:4      | Reached skill level 5 in Fighting
  2478 | D:4      | Found a shadowy altar of Dithmenos.
  2649 | D:4      | Found a sparkling altar of Nemelex Xobeh.
  2746 | D:4      | Reached skill level 5 in Shields
  2780 | D:4      | Reached XP level 7. HP: 28/61 MP: 6/6
  2881 | D:4      | Found a deep blue altar of Sif Muna.
  2917 | D:5      | Entered Level 5 of the Dungeon
  2952 | D:5      | Noticed Eustachio
  3007 | D:5      | Killed Eustachio
  3007 | D:5      | Reached skill level 5 in Axes
  3007 | D:5      | Reached skill level 5 in Armour
  3014 | D:5      | Noticed Prince Ribbit
  3046 | D:5      | Killed Prince Ribbit
  3046 | D:5      | Reached skill level 5 in Dodging
  3141 | D:5      | Found an opulent altar of Gozag.
  3142 | D:5      | Found a bloodstained altar of Trog.
  3186 | D:5      | Reached skill level 6 in Fighting
  3265 | D:5      | Reached XP level 8. HP: 52/70 MP: 7/7
  3596 | D:6      | Noticed Grinder
  3624 | D:6      | Paralysed by Grinder for 5 turns
  3631 | D:6      | Killed Grinder
  3790 | D:6      | Reached skill level 7 in Fighting
  3979 | D:6      | Found a shattered altar of Ashenzari.
  4113 | D:6      | Found a shimmering altar of Xom.
  4256 | D:6      | Noticed Blork the orc
  4261 | D:6      | Killed Blork the orc
  4307 | D:6      | Noticed Edmund
  4333 | D:6      | Killed Edmund
  4333 | D:6      | Reached skill level 1 in Polearms
  4486 | D:6      | Found a glowing silver altar of Zin.
  4758 | D:7      | Reached XP level 9. HP: 74/79 MP: 8/8
  5100 | D:7      | Reached skill level 8 in Fighting
  5108 | D:7      | Found a staircase to the Ecumenical Temple.
  5118 | Temple   | Entered the Ecumenical Temple
  5125 | Temple   | Became a worshipper of Warmaster Okawaru
  5445 | D:8      | Reached * piety under Okawaru
  5509 | D:8      | Noticed an ice statue
  5584 | D:8      | HP: 2/82 [ice statue/bolt of cold (28)]
  5593 | D:8      | Killed from afar by an ice statue

Skill      XL: |  1  2  3  4  5  6  7  8  9 |
---------------+----------------------------+-----
Fighting       | 4 5 6 7 8 |  8.3
Dodging        | 1 2 3 4 5 6 7 |  7.4
Axes           | 3 4 5 7 |  7.1
Shields        | 4 5 6 7 |  7.1
Armour         | 4 5 6 7 |  7.4
Polearms       | 1 3 |  3.1

Action                   |  1- 3 |  4- 6 |  7- 9 || total
-------------------------+-------+-------+-------++-------
Melee: War axe           |    87 |   133 |   116 ||   336
       Headbutt          |    13 |    27 |    74 ||   114
       Spear             |       |       |   231 ||   231
Evoke: Wand              |       |       |     3 ||     3
  Use: Scroll            |     6 |       |     5 ||    11
       Potion            |       |     6 |     1 ||     7
 Stab: Confused          |       |       |     1 ||     1
       Petrified         |       |       |     2 ||     2
       Petrifying        |       |       |     1 ||     1
  Eat: Bread ration      |     1 |       |     3 ||     4
       Beef jerky        |       |     1 |     1 ||     2
Armor: Scale mail        |    39 |    55 |   102 ||   196
Dodge: Dodged            |    29 |    38 |   122 ||   189
Block: Shield            |    66 |    73 |   208 ||   347
